Workbook

Sheet Datos del proyecto
C2: Subvenciones en materia de cooperación para el desarrollo
B4: NOMBRE PROYECTO
B5: PAÍS
B6: CONVOCATORIA
B7: JUSTIFICACION | C7: FINAL (ÚNICA)
B8: FECHA INICIO
B9: FEHA FINAL PREVISTA
C12: DEBEN RESPETARSE LAS FÓRMULAS DE LAS CELDAS COLOREADAS, ATENCIÓN AL INSERTAR NUEVAS FILAS

Sheet 1.- PERSONAL VINCULADO AL PROYE
A1: PERSONAL VINCULADO AL PROYECTO
A5: N.º | B5: Nombre | C5: Puesto | D5: Relación con la entidad (Contrato, voluntariado, prácticas) | E5: Tiempo de dedicación en meses imputados a la subvención | F5: Porcentaje de la jornada dedicado al proyecto (COINCIDENTE CON % IMPUTADO EN PESTAÑA DE NÓMINAS)
A6: 1
B7: Funciones y tareas relacionadas con el proyecto:
A8: 2
B9: Funciones y tareas relacionadas con el proyecto
A10: 3
B11: Funciones y tareas relacionadas con el proyecto
D13: (Añadir todos los cuadros que se necesiten para incluir a todo el personal relacionado con el proyecto)

Sheet 2.IMPUTACIÓN ejemplo
C1: EJEMPLO NÓMINA:
D2: 2.Imputación al gasto de personal de la subvención
B4: N.º DE ORDEN | C4: NOMBRE | D4: MES | E4: IMPORTE BRUTO (devengo) | F4: SEG.SOC. a cargo de la empresa | G4: TOTAL (nómina + seguros sociales) | H4: % IMPUTADO | I4: TOTAL IMPUTADO al proyecto
C5: EJEMPLO DE MITAD DE JORNADA DEDICADA AL PROYECTO | E5: 2326.62 | F5: 781.83 | G5: =E5+F5 -> 3108.45 | H5: 0.5 | I5: =G5*H5 -> 1554.225
G6: =E6+F6 -> 0 | I6: =G6*H6 -> 0
G7: =E7+F7 -> 0 | I7: =G7*H7 -> 0
G8: =E8+F8 -> 0 | I8: =G8*H8 -> 0
G9: =E9+F9 -> 0 | I9: =G9*H9 -> 0
G10: =E10+F10 -> 0 | I10: =G10*H10 -> 0
G11: =E11+F11 -> 0 | I11: =G11*H11 -> 0
G12: =E12+F12 -> 0 | I12: =G12*H12 -> 0
G13: =E13+F13 -> 0 | I13: =G13*H13 -> 0
G14: =E14+F14 -> 0 | I14: =G14*H14 -> 0
G15: =E15+F15 -> 0 | I15: =G15*H15 -> 0
G16: =E16+F16 -> 0 | I16: =G16*H16 -> 0
G17: =E17+F17 -> 0 | I17: =G17*H17 -> 0
... G30: =E30+F30 -> 0 | I30: =G30*H30 -> 0

Sheet 2.IMPUTACIÓN AL %
D2: 2.Imputación al gasto de personal de la subvención
B4: N.º DE ORDEN | C4: NOMBRE | D4: MES | E4: IMPORTE BRUTO (devengo) | F4: SEG.SOC. a cargo de la empresa | G4: TOTAL (nómina + seguros sociales) | H4: % IMPUTADO | I4: TOTAL IMPUTADO al proyecto
G5: =E5+F5 -> 0 | I5: =G5*H5 -> 0
G6: =E6+F6 -> 0 | I6: =G6*H6 -> 0
G7: =E7+F7 -> 0 | I7: =G7*H7 -> 0
G8: =E8+F8 -> 0 | I8: =G8*H8 -> 0
G9: =E9+F9 -> 0 | I9: =G9*H9 -> 0
G10: =E10+F10 -> 0 | I10: =G10*H10 -> 0
G11: =E11+F11 -> 0 | I11: =G11*H11 -> 0
G12: =E12+F12 -> 0 | I12: =G12*H12 -> 0
G13: =E13+F13 -> 0 | I13: =G13*H13 -> 0
G14: =E14+F14 -> 0 | I14: =G14*H14 -> 0
G15: =E15+F15 -> 0 | I15: =G15*H15 -> 0
G16: =E16+F16 -> 0 | I16: =G16*H16 -> 0
... G30: =E30+F30 -> 0 | I30: =G30*H30 -> 0

Sheet Transferencias y cambio
B2: TRANSFERENCIAS DE FONDOS
B4: ANTICIPO RECIBIDO de DGA | E4: TRANSFERENCIAS EFECTUADAS AL SOCIO LOCAL. Cumplimentar las casillas según copia de los documentos aportados.
B5: FECHA | C5: IMPORTE | E5: FECHA | F5: IMPORTE EN EUROS | G5: IMPORTE EN MONEDA INTERMEDIA | H5: IMPORTE EN MONEDA LOCAL | J5: CAMBIO MONEDA LOCAL POR EURO | K5: CAMBIO MONEDA LOCAL POR MONEDA INTERMEDIA
J6: =IF(ISBLANK(F6),0,H6/F6) -> 0 | K6: =IF(ISBLANK(G6),0,H6/G6) -> 0
J7: =IF(ISBLANK(F7),0,H7/F7) -> 0 | K7: =IF(ISBLANK(G7),0,H7/G7) -> 0
J8: =IF(ISBLANK(F10),0,H10/F10) -> 0 | K8: =IF(ISBLANK(G10),0,H10/G10) -> 0
E11: TOTAL: | F11: =SUM(F6:F10) -> 0 | G11: =SUM(G6:G10) -> 0 | H11: =SUM(H6:H10) -> 0 | J11: TIPOS DE CAMBIO A UTILIZAR
J12: CAMBIO MONEDA LOCAL POR EURO | K12: CAMBIO MONEDA LOCAL POR MONEDA INTERMEDIA
J13: nombre moneda local | K13: nombre moneda intermedia
J14: =IF(H11=0,0,H11/F11) -> 0 | K14: =IF(G11=0,0,H11/G11) -> 0

Sheet Seguimiento Gastos
B2: SEGUIMIENTO - GASTOS REALIZADOS
B3: CONCEPTOS | C3: PRESUPUESTO | E3: GASTOS REALIZADOS
C4: ÚLTIMO PRESUPUESTO APROBADO DEL PROYECTO | D4: PRESUPUESTO CON CARGO A LA APORTACIÓN DEL GOBIERNO DE ARAGÓN APROBADO | E4: TOTAL PROYECTO | F4: FINANCIADO CON CARGO A LA APORTACIÓN DEL GOBIERNO DE ARAGÓN | G4: APORTACIÓN ENTIDAD | H4: APORTACIÓN SOCIO LOCAL | I4: APORTACIÓN BENEFICIARIOS | J4: APORTACIÓN OTROS | K4: APORTACIÓN OTROS | L4: APORTACIÓN OTROS
C5: EUROS | D5: EUROS | E5: EUROS EQUIVALENTES (1) | F5: EUROS EQUIVALENTES (1) | J5: nombre aportador | K5: nombre aportador | L5: nombre aportador
B6: A. COSTES DIRECTOS
B7: A. Terrenos e inmuebles | E7: =SUM(F7:L7) -> 0 | F7: ='GA-Gastos-C.Directos'!N12 -> 0 | G7: ='Entidad-Gastos-C.Directos'!N12 -> 0 | H7: ='Socio Local-Gastos-C.Directos'!N12 -> 0 | I7: ='Beneficiarios-Gastos-C.Directos'!N12 -> 0
B8: B. Construcción y reforma (incluye mano de obra) | E8: =SUM(F8:L8) -> 0 | F8: ='GA-Gastos-C.Directos'!N23 -> 0 | G8: ='Entidad-Gastos-C.Directos'!N23 -> 0 | H8: ='Socio Local-Gastos-C.Directos'!N23 -> 0 | I8: ='Beneficiarios-Gastos-C.Directos'!N23 -> 0
B9: C. Notariales y registrales | E9: =SUM(F9:L9) -> 0 | F9: ='GA-Gastos-C.Directos'!N34 -> 0 | G9: ='Entidad-Gastos-C.Directos'!N34 -> 0 | H9: ='Socio Local-Gastos-C.Directos'!N34 -> 0 | I9: ='Beneficiarios-Gastos-C.Directos'!N34 -> 0
B10: D. Equipos, materiales y suministros (adquisición y transporte) | E10: =SUM(F10:L10) -> 0 | F10: ='GA-Gastos-C.Directos'!N45 -> 0 | G10: ='Entidad-Gastos-C.Directos'!N45 -> 0 | H10: ='Socio Local-Gastos-C.Directos'!N45 -> 0 | I10: ='Beneficiarios-Gastos-C.Directos'!N45 -> 0
B11: E. Personal local | E11: =SUM(F11:L11) -> 0 | F11: ='GA-Gastos-C.Directos'!N56 -> 0 | G11: ='Entidad-Gastos-C.Directos'!N56 -> 0 | H11: ='Socio Local-Gastos-C.Directos'!N56 -> 0 | I11: ='Beneficiarios-Gastos-C.Directos'!N56 -> 0
B12: F. Personal expatriado | E12: =SUM(F12:L12) -> 0 | F12: ='GA-Gastos-C.Directos'!N67 -> 0 | G12: ='Entidad-Gastos-C.Directos'!N67 -> 0 | H12: ='Socio Local-Gastos-C.Directos'!N67 -> 0 | I12: ='Beneficiarios-Gastos-C.Directos'!N67 -> 0
B13: G. Servicios técnicos o profesionales | E13: =SUM(F13:L13) -> 0 | F13: ='GA-Gastos-C.Directos'!N78 -> 0 | G13: ='Entidad-Gastos-C.Directos'!N78 -> 0 | H13: ='Socio Local-Gastos-C.Directos'!N78 -> 0 | I13: ='Beneficiarios-Gastos-C.Directos'!N78 -> 0
B14: H. Viajes y estancias | E14: =SUM(F14:L14) -> 0 | F14: ='GA-Gastos-C.Directos'!N89 -> 0 | G14: ='Entidad-Gastos-C.Directos'!N89 -> 0 | H14: ='Socio Local-Gastos-C.Directos'!N89 -> 0 | I14: ='Beneficiarios-Gastos-C.Directos'!N89 -> 0
B15: I. Funcionamiento en terreno | E15: =SUM(F15:L15) -> 0 | F15: ='GA-Gastos-C.Directos'!N100 -> 0 | G15: ='Entidad-Gastos-C.Directos'!N100 -> 0 | H15: ='Socio Local-Gastos-C.Directos'!N100 -> 0 | I15: ='Beneficiarios-Gastos-C.Directos'!N100 -> 0
B16: J. Difusión y publicidad en terreno | E16: =SUM(F16:L16) -> 0 | F16: ='GA-Gastos-C.Directos'!N111 -> 0 | G16: ='Entidad-Gastos-C.Directos'!N111 -> 0 | H16: ='Socio Local-Gastos-C.Directos'!N111 -> 0 | I16: ='Beneficiarios-Gastos-C.Directos'!N111 -> 0
B17: TOTAL COSTES DIRECTOS | C17: =SUM(C7:C16) -> 0 | D17: =SUM(D7:D16) -> 0 | E17: =SUM(E7:E16) -> 0 | F17: =SUM(F7:F16) -> 0 | G17: =SUM(G7:G16) -> 0 | H17: =SUM(H7:H16) -> 0 | I17: =SUM(I7:I16) -> 0 | J17: =SUM(J7:J16) -> 0 | ... L17: =SUM(L7:L16) -> 0
B18: B. COSTES INDIRECTOS
B19: K. De administración de la Entidad/ONG | E19: =SUM(F19:L19) -> 0 | F19: ='GA-Gastos-C.Indirectos'!K12 -> 0 | G19: ='Entidad-Gastos-C.Indirectos'!K12 -> 0 | H19: 0 | I19: 0
B20: M. Seguimiento y evaluación | E20: =SUM(F20:L20) -> 0 | F20: ='GA-Gastos-C.Indirectos'!K23 -> 0 | G20: ='Entidad-Gastos-C.Indirectos'!K23 -> 0 | H20: 0 | I20: 0
B21: N. Actividades de sensibilización y EpD en Aragón | E21: =SUM(F21:L21) -> 0 | F21: ='GA-Gastos-C.Indirectos'!K34 -> 0 | G21: ='Entidad-Gastos-C.Indirectos'!K34 -> 0 | H21: 0 | I21: 0
B22: O. Comisiones bancarias (de las transferencias al socio local) | E22: =SUM(F22:L22) -> 0 | F22: ='GA-Gastos-C.Indirectos'!K44 -> 0 | G22: ='Entidad-Gastos-C.Indirectos'!K45 -> 0 | H22: 0 | I22: 0
B23: P. Auditorías | E23: =SUM(F23:L23) -> 0 | F23: ='GA-Gastos-C.Indirectos'!K49 -> 0 | G23: ='Entidad-Gastos-C.Indirectos'!K49 -> 0 | H23: 0 | I23: 0
B24: TOTAL COSTES INDIRECTOS | C24: =SUM(C19:C23) -> 0 | D24: =SUM(D19:D23) -> 0 | E24: =SUM(E19:E23) -> 0 | F24: =SUM(F19:F23) -> 0 | G24: =SUM(G19:G23) -> 0 | H24: =SUM(H19:H23) -> 0 | I24: =SUM(I19:I23) -> 0 | J24: =SUM(J19:J23) -> 0 | ... L24: =SUM(L19:L23) -> 0
B25: TOTAL COSTES | C25: =C17+C24 -> 0 | D25: =D17+D24 -> 0 | E25: =E17+E24 -> 0 | F25: =F17+F24 -> 0 | G25: =G17+G24 -> 0 | H25: =H17+H24 -> 0 | I25: =I17+I24 -> 0 | J25: =J17+J24 -> 0 | ... L25: =L17+L24 -> 0
B27: (1) Aplicando cambios medios
B28: La columna F contiene los datos de las pestañas anteriores. No es necesario completarla.

Sheet GA-Gastos-C.Directos
A1: PARTIDA | B1: Nº | C1: Nº de factura del proveedor | D1: Fecha | E1: Proveedor | F1: Concepto | G1: Forma de pago (cheque, transferencia, efectivo...) | H1: Nº cheque / transferencia | I1: Importe total de la factura | J1: Divisa de la factura | K1: Tipo de cambio de la divisa | L1: Importe total de la factura en € | M1: % imputado con cargo a la subvención de GA | N1: Importe financiado con cargo a la subvención de Gobierno de Aragón
A2: A. Terrenos e inmuebles | B2: A.1 | K2: ='Transferencias y cambio'!J14 -> 0 | L2: =IF(ISBLANK(I2),0,I2/K2) -> 0 | N2: =ROUND(L2*M2,2) -> 0
A3: A. Terrenos e inmuebles | B3: A.2 | L3: =IF(ISBLANK(I3),0,I3/K3) -> 0 | N3: =ROUND(L3*M3,2) -> 0
A4: A. Terrenos e inmuebles | B4: A.3 | L4: =IF(ISBLANK(I4),0,I4/K4) -> 0 | N4: =ROUND(L4*M4,2) -> 0
A5: A. Terrenos e inmuebles | B5: A.4 | L5: =IF(ISBLANK(I5),0,I5/K5) -> 0 | N5: =ROUND(L5*M5,2) -> 0
A6: A. Terrenos e inmuebles | B6: A.5 | L6: =IF(ISBLANK(I6),0,I6/K6) -> 0 | N6: =ROUND(L6*M6,2) -> 0
A7: A. Terrenos e inmuebles | B7: A.6 | L7: =IF(ISBLANK(I7),0,I7/K7) -> 0 | N7: =ROUND(L7*M7,2) -> 0
A8: A. Terrenos e inmuebles | B8: A.7 | L8: =IF(ISBLANK(I8),0,I8/K8) -> 0 | N8: =ROUND(L8*M8,2) -> 0
A9: A. Terrenos e inmuebles | B9: A.8 | L9: =IF(ISBLANK(I9),0,I9/K9) -> 0 | N9: =ROUND(L9*M9,2) -> 0
A10: A. Terrenos e inmuebles | B10: A.9 | L10: =IF(ISBLANK(I10),0,I10/K10) -> 0 | N10: =ROUND(L10*M10,2) -> 0
A11: A. Terrenos e inmuebles | B11: A.10 | L11: =IF(ISBLANK(I11),0,I11/K11) -> 0 | N11: =ROUND(L11*M11,2) -> 0
A12: TOTAL A. Terrenos e inmuebles | N12: =SUM(N2:N11) -> 0
A13: B. Construcción y reforma (incluye mano de obra) | B13: B.1 | L13: =IF(ISBLANK(I13),0,I13/K13) -> 0 | N13: =ROUND(L13*M13,2) -> 0
A14: B. Construcción y reforma (incluye mano de obra) | B14: B.2 | L14: =IF(ISBLANK(I14),0,I14/K14) -> 0 | N14: =ROUND(L14*M14,2) -> 0
A15: B. Construcción y reforma (incluye mano de obra) | B15: B.3 | L15: =IF(ISBLANK(I15),0,I15/K15) -> 0 | N15: =ROUND(L15*M15,2) -> 0
A16: B. Construcción y reforma (incluye mano de obra) | B16: B.4 | L16: =IF(ISBLANK(I16),0,I16/K16) -> 0 | N16: =ROUND(L16*M16,2) -> 0
A17: B. Construcción y reforma (incluye mano de obra) | B17: B.5 | L17: =IF(ISBLANK(I17),0,I17/K17) -> 0 | N17: =ROUND(L17*M17,2) -> 0
A18: B. Construcción y reforma (incluye mano de obra) | B18: B.6 | L18: =IF(ISBLANK(I18),0,I18/K18) -> 0 | N18: =ROUND(L18*M18,2) -> 0
A19: B. Construcción y reforma (incluye mano de obra) | B19: B.7 | L19: =IF(ISBLANK(I19),0,I19/K19) -> 0 | N19: =ROUND(L19*M19,2) -> 0
A20: B. Construcción y reforma (incluye mano de obra) | B20: B.8 | L20: =IF(ISBLANK(I20),0,I20/K20) -> 0 | N20: =ROUND(L20*M20,2) -> 0
A21: B. Construcción y reforma (incluye mano de obra) | B21: B.9 | L21: =IF(ISBLANK(I21),0,I21/K21) -> 0 | N21: =ROUND(L21*M21,2) -> 0
A22: B. Construcción y reforma (incluye mano de obra) | B22: B.10 | L22: =IF(ISBLANK(I22),0,I22/K22) -> 0 | N22: =ROUND(L22*M22,2) -> 0
A23: TOTAL B. Construcción y reforma (incluye mano de obra) | N23: =SUM(N13:N22) -> 0
A24: C. Notariales y registrales | B24: C.1 | L24: =IF(ISBLANK(I24),0,I24/K24) -> 0 | N24: =ROUND(L24*M24,2) -> 0
A25: C. Notariales y registrales | B25: C.2 | L25: =IF(ISBLANK(I25),0,I25/K25) -> 0 | N25: =ROUND(L25*M25,2) -> 0
A26: C. Notariales y registrales | B26: C.3 | L26: =IF(ISBLANK(I26),0,I26/K26) -> 0 | N26: =ROUND(L26*M26,2) -> 0
A27: C. Notariales y registrales | B27: C.4 | L27: =IF(ISBLANK(I27),0,I27/K27) -> 0 | N27: =ROUND(L27*M27,2) -> 0
A28: C. Notariales y registrales | B28: C.5 | L28: =IF(ISBLANK(I28),0,I28/K28) -> 0 | N28: =ROUND(L28*M28,2) -> 0
A29: C. Notariales y registrales | B29: C.6 | L29: =IF(ISBLANK(I29),0,I29/K29) -> 0 | N29: =ROUND(L29*M29,2) -> 0
A30: C. Notariales y registrales | B30: C.7 | L30: =IF(ISBLANK(I30),0,I30/K30) -> 0 | N30: =ROUND(L30*M30,2) -> 0
A31: C. Notariales y registrales | B31: C.8 | L31: =IF(ISBLANK(I31),0,I31/K31) -> 0 | N31: =ROUND(L31*M31,2) -> 0
A32: C. Notariales y registrales | B32: C.9 | L32: =IF(ISBLANK(I32),0,I32/K32) -> 0 | N32: =ROUND(L32*M32,2) -> 0
A33: C. Notariales y registrales | B33: C.10 | L33: =IF(ISBLANK(I33),0,I33/K33) -> 0 | N33: =ROUND(L33*M33,2) -> 0
A34: TOTAL C. Notariales y registrales | N34: =SUM(N24:N33) -> 0
A35: D. Equipos, materiales y suministros (adquisición y transporte) | B35: D.1 | L35: =IF(ISBLANK(I35),0,I35/K35) -> 0 | N35: =ROUND(L35*M35,2) -> 0
A36: D. Equipos, materiales y suministros (adquisición y transporte) | B36: D.2 | L36: =IF(ISBLANK(I36),0,I36/K36) -> 0 | N36: =ROUND(L36*M36,2) -> 0
A37: D. Equipos, materiales y suministros (adquisición y transporte) | B37: D.3 | L37: =IF(ISBLANK(I37),0,I37/K37) -> 0 | N37: =ROUND(L37*M37,2) -> 0
A38: D. Equipos, materiales y suministros (adquisición y transporte) | B38: D.4 | L38: =IF(ISBLANK(I38),0,I38/K38) -> 0 | N38: =ROUND(L38*M38,2) -> 0
A39: D. Equipos, materiales y suministros (adquisición y transporte) | B39: D.5 | L39: =IF(ISBLANK(I39),0,I39/K39) -> 0 | N39: =ROUND(L39*M39,2) -> 0
A40: D. Equipos, materiales y suministros (adquisición y transporte) | B40: D.6 | L40: =IF(ISBLANK(I40),0,I40/K40) -> 0 | N40: =ROUND(L40*M40,2) -> 0
A41: D. Equipos, materiales y suministros (adquisición y transporte) | B41: D.7 | L41: =IF(ISBLANK(I41),0,I41/K41) -> 0 | N41: =ROUND(L41*M41,2) -> 0
A42: D. Equipos, materiales y suministros (adquisición y transporte) | B42: D.8 | L42: =IF(ISBLANK(I42),0,I42/K42) -> 0 | N42: =ROUND(L42*M42,2) -> 0
A43: D. Equipos, materiales y suministros (adquisición y transporte) | B43: D.9 | L43: =IF(ISBLANK(I43),0,I43/K43) -> 0 | N43: =ROUND(L43*M43,2) -> 0
A44: D. Equipos, materiales y suministros (adquisición y transporte) | B44: D.10 | L44: =IF(ISBLANK(I44),0,I44/K44) -> 0 | N44: =ROUND(L44*M44,2) -> 0
A45: TOTAL D. Equipos, materiales y suministros (adquisición y transporte) | N45: =SUM(N35:N44) -> 0
A46: E. Personal local | B46: E.1 | L46: =IF(ISBLANK(I46),0,I46/K46) -> 0 | N46: =ROUND(L46*M46,2) -> 0
A47: E. Personal local | B47: E.2 | L47: =IF(ISBLANK(I47),0,I47/K47) -> 0 | N47: =ROUND(L47*M47,2) -> 0
A48: E. Personal local | B48: E.3 | L48: =IF(ISBLANK(I48),0,I48/K48) -> 0 | N48: =ROUND(L48*M48,2) -> 0
A49: E. Personal local | B49: E.4 | L49: =IF(ISBLANK(I49),0,I49/K49) -> 0 | N49: =ROUND(L49*M49,2) -> 0
A50: E. Personal local | B50: E.5 | L50: =IF(ISBLANK(I50),0,I50/K50) -> 0 | N50: =ROUND(L50*M50,2) -> 0
A51: E. Personal local | B51: E.6 | L51: =IF(ISBLANK(I51),0,I51/K51) -> 0 | N51: =ROUND(L51*M51,2) -> 0
A52: E. Personal local | B52: E.7 | L52: =IF(ISBLANK(I52),0,I52/K52) -> 0 | N52: =ROUND(L52*M52,2) -> 0
A53: E. Personal local | B53: E.8 | L53: =IF(ISBLANK(I53),0,I53/K53) -> 0 | N53: =ROUND(L53*M53,2) -> 0
A54: E. Personal local | B54: E.9 | L54: =IF(ISBLANK(I54),0,I54/K54) -> 0 | N54: =ROUND(L54*M54,2) -> 0
A55: E. Personal local | B55: E.10 | L55: =IF(ISBLANK(I55),0,I55/K55) -> 0 | N55: =ROUND(L55*M55,2) -> 0
A56: TOTAL E. Personal local | N56: =SUM(N46:N55) -> 0
A57: F. Personal expatriado | B57: F.1 | L57: =IF(ISBLANK(I57),0,I57/K57) -> 0 | N57: =ROUND(L57*M57,2) -> 0
A58: F. Personal expatriado | B58: F.2 | L58: =IF(ISBLANK(I58),0,I58/K58) -> 0 | N58: =ROUND(L58*M58,2) -> 0
A59: F. Personal expatriado | B59: F.3 | L59: =IF(ISBLANK(I59),0,I59/K59) -> 0 | N59: =ROUND(L59*M59,2) -> 0
A60: F. Personal expatriado | B60: F.4 | L60: =IF(ISBLANK(I60),0,I60/K60) -> 0 | N60: =ROUND(L60*M60,2) -> 0
A61: F. Personal expatriado | B61: F.5 | L61: =IF(ISBLANK(I61),0,I61/K61) -> 0 | N61: =ROUND(L61*M61,2) -> 0
A62: F. Personal expatriado | B62: F.6 | L62: =IF(ISBLANK(I62),0,I62/K62) -> 0 | N62: =ROUND(L62*M62,2) -> 0
A63: F. Personal expatriado | B63: F.7 | L63: =IF(ISBLANK(I63),0,I63/K63) -> 0 | N63: =ROUND(L63*M63,2) -> 0
A64: F. Personal expatriado | B64: F.8 | L64: =IF(ISBLANK(I64),0,I64/K64) -> 0 | N64: =ROUND(L64*M64,2) -> 0
A65: F. Personal expatriado | B65: F.9 | L65: =IF(ISBLANK(I65),0,I65/K65) -> 0 | N65: =ROUND(L65*M65,2) -> 0
A66: F. Personal expatriado | B66: F.10 | L66: =IF(ISBLANK(I66),0,I66/K66) -> 0 | N66: =ROUND(L66*M66,2) -> 0
A67: TOTAL F. Personal expatriado | N67: =SUM(N57:N66) -> 0
A68: G. Servicios técnicos o profesionales | B68: G.1 | L68: =IF(ISBLANK(I68),0,I68/K68) -> 0 | N68: =ROUND(L68*M68,2) -> 0
A69: G. Servicios técnicos o profesionales | B69: G.2 | L69: =IF(ISBLANK(I69),0,I69/K69) -> 0 | N69: =ROUND(L69*M69,2) -> 0
A70: G. Servicios técnicos o profesionales | B70: G.3 | L70: =IF(ISBLANK(I70),0,I70/K70) -> 0 | N70: =ROUND(L70*M70,2) -> 0
A71: G. Servicios técnicos o profesionales | B71: G.4 | L71: =IF(ISBLANK(I71),0,I71/K71) -> 0 | N71: =ROUND(L71*M71,2) -> 0
A72: G. Servicios técnicos o profesionales | B72: G.5 | L72: =IF(ISBLANK(I72),0,I72/K72) -> 0 | N72: =ROUND(L72*M72,2) -> 0
A73: G. Servicios técnicos o profesionales | B73: G.6 | L73: =IF(ISBLANK(I73),0,I73/K73) -> 0 | N73: =ROUND(L73*M73,2) -> 0
A74: G. Servicios técnicos o profesionales | B74: G.7 | L74: =IF(ISBLANK(I74),0,I74/K74) -> 0 | N74: =ROUND(L74*M74,2) -> 0
A75: G. Servicios técnicos o profesionales | B75: G.8 | L75: =IF(ISBLANK(I75),0,I75/K75) -> 0 | N75: =ROUND(L75*M75,2) -> 0
A76: G. Servicios técnicos o profesionales | B76: G.9 | L76: =IF(ISBLANK(I76),0,I76/K76) -> 0 | N76: =ROUND(L76*M76,2) -> 0
A77: G. Servicios técnicos o profesionales | B77: G.10 | L77: =IF(ISBLANK(I77),0,I77/K77) -> 0 | N77: =ROUND(L77*M77,2) -> 0
A78: TOTAL G. Servicios técnicos o profesionales | N78: =SUM(N68:N77) -> 0
A79: H. Viajes y estancias | B79: H.1 | L79: =IF(ISBLANK(I79),0,I79/K79) -> 0 | N79: =ROUND(L79*M79,2) -> 0
A80: H. Viajes y estancias | B80: H.2 | L80: =IF(ISBLANK(I80),0,I80/K80) -> 0 | N80: =ROUND(L80*M80,2) -> 0
A81: H. Viajes y estancias | B81: H.3 | L81: =IF(ISBLANK(I81),0,I81/K81) -> 0 | N81: =ROUND(L81*M81,2) -> 0
A82: H. Viajes y estancias | B82: H.4 | L82: =IF(ISBLANK(I82),0,I82/K82) -> 0 | N82: =ROUND(L82*M82,2) -> 0
A83: H. Viajes y estancias | B83: H.5 | L83: =IF(ISBLANK(I83),0,I83/K83) -> 0 | N83: =ROUND(L83*M83,2) -> 0
A84: H. Viajes y estancias | B84: H.6 | L84: =IF(ISBLANK(I84),0,I84/K84) -> 0 | N84: =ROUND(L84*M84,2) -> 0
A85: H. Viajes y estancias | B85: H.7 | L85: =IF(ISBLANK(I85),0,I85/K85) -> 0 | N85: =ROUND(L85*M85,2) -> 0
A86: H. Viajes y estancias | B86: H.8 | L86: =IF(ISBLANK(I86),0,I86/K86) -> 0 | N86: =ROUND(L86*M86,2) -> 0
A87: H. Viajes y estancias | B87: H.9 | L87: =IF(ISBLANK(I87),0,I87/K87) -> 0 | N87: =ROUND(L87*M87,2) -> 0
A88: H. Viajes y estancias | B88: H.10 | L88: =IF(ISBLANK(I88),0,I88/K88) -> 0 | N88: =ROUND(L88*M88,2) -> 0
A89: TOTAL H. Viajes y estancias | N89: =SUM(N79:N88) -> 0
A90: I. Funcionamiento en terreno | B90: I.1 | L90: =IF(ISBLANK(I90),0,I90/K90) -> 0 | N90: =ROUND(L90*M90,2) -> 0
A91: I. Funcionamiento en terreno | B91: I.2 | L91: =IF(ISBLANK(I91),0,I91/K91) -> 0 | N91: =ROUND(L91*M91,2) -> 0
A92: I. Funcionamiento en terreno | B92: I.3 | L92: =IF(ISBLANK(I92),0,I92/K92) -> 0 | N92: =ROUND(L92*M92,2) -> 0
A93: I. Funcionamiento en terreno | B93: I.4 | L93: =IF(ISBLANK(I93),0,I93/K93) -> 0 | N93: =ROUND(L93*M93,2) -> 0
A94: I. Funcionamiento en terreno | B94: I.5 | L94: =IF(ISBLANK(I94),0,I94/K94) -> 0 | N94: =ROUND(L94*M94,2) -> 0
A95: I. Funcionamiento en terreno | B95: I.6 | L95: =IF(ISBLANK(I95),0,I95/K95) -> 0 | N95: =ROUND(L95*M95,2) -> 0
A96: I. Funcionamiento en terreno | B96: I.7 | L96: =IF(ISBLANK(I96),0,I96/K96) -> 0 | N96: =ROUND(L96*M96,2) -> 0
A97: I. Funcionamiento en terreno | B97: I.8 | L97: =IF(ISBLANK(I97),0,I97/K97) -> 0 | N97: =ROUND(L97*M97,2) -> 0
A98: I. Funcionamiento en terreno | B98: I.9 | L98: =IF(ISBLANK(I98),0,I98/K98) -> 0 | N98: =ROUND(L98*M98,2) -> 0
A99: I. Funcionamiento en terreno | B99: I.10 | L99: =IF(ISBLANK(I99),0,I99/K99) -> 0 | N99: =ROUND(L99*M99,2) -> 0
A100: TOTAL I. Funcionamiento en terreno | N100: =SUM(N90:N99) -> 0
...

Sheet GA-Gastos-C.Indirectos
A1: PARTIDA | B1: Nº | C1: Nº de factura del proveedor | D1: Fecha | E1: Proveedor | F1: Concepto | G1: Forma de pago (cheque, transferencia, efectivo...) | H1: Nº cheque / transferencia | I1: Importe total de la factura en EUROS | J1: % imputado con cargo a la subvención de GA | K1: Importe financiado con cargo a la subvención de Gobierno de Aragón
A2: K. De administración de la Entidad/ONG | B2: K.1 | K2: =ROUND(I2*J2,2) -> 0
A3: K. De administración de la Entidad/ONG | B3: K.2 | K3: =ROUND(I3*J3,2) -> 0
A4: K. De administración de la Entidad/ONG | B4: K.3 | K4: =ROUND(I4*J4,2) -> 0
A5: K. De administración de la Entidad/ONG | B5: K.4 | K5: =ROUND(I5*J5,2) -> 0
A6: K. De administración de la Entidad/ONG | B6: K.5 | K6: =ROUND(I6*J6,2) -> 0
A7: K. De administración de la Entidad/ONG | B7: K.6 | K7: =ROUND(I7*J7,2) -> 0
A8: K. De administración de la Entidad/ONG | B8: K.7 | K8: =ROUND(I8*J8,2) -> 0
A9: K. De administración de la Entidad/ONG | B9: K.8 | K9: =ROUND(I9*J9,2) -> 0
A10: K. De administración de la Entidad/ONG | B10: K.9 | K10: =ROUND(I10*J10,2) -> 0
A11: K. De administración de la Entidad/ONG | B11: K.10 | K11: =ROUND(I11*J11,2) -> 0
A12: TOTAL K. De administración de la Entidad/ONG | K12: =SUM(K2:K11) -> 0
A13: M. Seguimiento y evaluación | B13: M.1 | K13: =ROUND(I13*J13,2) -> 0
A14: M. Seguimiento y evaluación | B14: M.2 | K14: =ROUND(I14*J14,2) -> 0
A15: M. Seguimiento y evaluación | B15: M.3 | K15: =ROUND(I15*J15,2) -> 0
A16: M. Seguimiento y evaluación | B16: M.4 | K16: =ROUND(I16*J16,2) -> 0
A17: M. Seguimiento y evaluación | B17: M.5 | K17: =ROUND(I17*J17,2) -> 0
A18: M. Seguimiento y evaluación | B18: M.6 | K18: =ROUND(I18*J18,2) -> 0
A19: M. Seguimiento y evaluación | B19: M.7 | K19: =ROUND(I19*J19,2) -> 0
A20: M. Seguimiento y evaluación | B20: M.8 | K20: =ROUND(I20*J20,2) -> 0
A21: M. Seguimiento y evaluación | B21: M.9 | K21: =ROUND(I21*J21,2) -> 0
A22: M. Seguimiento y evaluación | B22: M.10 | K22: =ROUND(I22*J22,2) -> 0
A23: TOTAL M. Seguimiento y evaluación | K23: =SUM(K13:K22) -> 0
A24: N. Actividades de sensibilización y EpD en Aragón | B24: N.1 | K24: =ROUND(I24*J24,2) -> 0
A25: N. Actividades de sensibilización y EpD en Aragón | B25: N.2 | K25: =ROUND(I25*J25,2) -> 0
A26: N. Actividades de sensibilización y EpD en Aragón | B26: N.3 | K26: =ROUND(I26*J26,2) -> 0
A27: N. Actividades de sensibilización y EpD en Aragón | B27: N.4 | K27: =ROUND(I27*J27,2) -> 0
A28: N. Actividades de sensibilización y EpD en Aragón | B28: N.5 | K28: =ROUND(I28*J28,2) -> 0
A29: N. Actividades de sensibilización y EpD en Aragón | B29: N.6 | K29: =ROUND(I29*J29,2) -> 0
A30: N. Actividades de sensibilización y EpD en Aragón | B30: N.7 | K30: =ROUND(I30*J30,2) -> 0
A31: N. Actividades de sensibilización y EpD en Aragón | B31: N.8 | K31: =ROUND(I31*J31,2) -> 0
A32: N. Actividades de sensibilización y EpD en Aragón | B32: N.9 | K32: =ROUND(I32*J32,2) -> 0
A33: N. Actividades de sensibilización y EpD en Aragón | B33: N.10 | K33: =ROUND(I33*J33,2) -> 0
A34: TOTAL N. Actividades de sensibilización y EpD en Aragón | K34: =SUM(K24:K33) -> 0
A35: O. Comisiones bancarias (de las transferencias al socio local) | B35: O.1 | K35: =ROUND(I35*J35,2) -> 0
A36: O. Comisiones bancarias (de las transferencias al socio local) | B36: O.2 | K36: =ROUND(I36*J36,2) -> 0
A37: O. Comisiones bancarias (de las transferencias al socio local) | B37: O.3 | K37: =ROUND(I37*J37,2) -> 0
A38: O. Comisiones bancarias (de las transferencias al socio local) | B38: O.4 | K38: =ROUND(I38*J38,2) -> 0
A39: O. Comisiones bancarias (de las transferencias al socio local) | B39: O.5 | K39: =ROUND(I39*J39,2) -> 0
A40: O. Comisiones bancarias (de las transferencias al socio local) | B40: O.6 | K40: =ROUND(I40*J40,2) -> 0
A41: O. Comisiones bancarias (de las transferencias al socio local) | B41: O.7 | K41: =ROUND(I41*J41,2) -> 0
A42: O. Comisiones bancarias (de las transferencias al socio local) | B42: O.8 | K42: =ROUND(I42*J42,2) -> 0
A43: O. Comisiones bancarias (de las transferencias al socio local) | B43: O.9 | K43: =ROUND(I43*J43,2) -> 0
A44: O. Comisiones bancarias (de las transferencias al socio local) | B44: O.10 | K44: =ROUND(I44*J44,2) -> 0
A45: TOTAL O. Comisiones bancarias (de las transferencias al socio local) | K45: =SUM(K35:K44) -> 0
A46: P. Auditorías | B46: P.1 | K46: =ROUND(I46*J46,2) -> 0
A47: P. Auditorías | B47: P.2 | K47: =ROUND(I47*J47,2) -> 0
A48: P. Auditorías | B48: P.3 | K48: =ROUND(I48*J48,2) -> 0
A49: TOTAL P. Auditorías | K49: =SUM(K46:K48) -> 0
A52: Deben respetarse las fórmulas de las celdas coloreadas, atención al insertar nuevas filas

Sheet Entidad-Gastos-C.Directos
A1: PARTIDA | B1: Nº | C1: Nº de factura del proveedor | D1: Fecha | E1: Proveedor | F1: Concepto | G1: Forma de pago (cheque, transferencia, efectivo...) | H1: Nº cheque / transferencia | I1: Importe total de la factura | J1: Divisa de la factura | K1: Tipo de cambio de la divisa | L1: Importe total de la factura en € | M1: % imputado con cargo a la entidad | N1: Importe financiado con cargo a la entidad
A2: A. Terrenos e inmuebles | B2: A.1 | K2: ='Transferencias y cambio'!J14 -> 0 | L2: =IF(ISBLANK(I2),0,I2/K2) -> 0 | N2: =ROUND(L2*M2,2) -> 0
A3: A. Terrenos e inmuebles | B3: A.2 | L3: =IF(ISBLANK(I3),0,I3/K3) -> 0 | N3: =ROUND(L3*M3,2) -> 0
A4: A. Terrenos e inmuebles | B4: A.3 | L4: =IF(ISBLANK(I4),0,I4/K4) -> 0 | N4: =ROUND(L4*M4,2) -> 0
A5: A. Terrenos e inmuebles | B5: A.4 | L5: =IF(ISBLANK(I5),0,I5/K5) -> 0 | N5: =ROUND(L5*M5,2) -> 0
A6: A. Terrenos e inmuebles | B6: A.5 | L6: =IF(ISBLANK(I6),0,I6/K6) -> 0 | N6: =ROUND(L6*M6,2) -> 0
A7: A. Terrenos e inmuebles | B7: A.6 | L7: =IF(ISBLANK(I7),0,I7/K7) -> 0 | N7: =ROUND(L7*M7,2) -> 0
A8: A. Terrenos e inmuebles | B8: A.7 | L8: =IF(ISBLANK(I8),0,I8/K8) -> 0 | N8: =ROUND(L8*M8,2) -> 0
A9: A. Terrenos e inmuebles | B9: A.8 | L9: =IF(ISBLANK(I9),0,I9/K9) -> 0 | N9: =ROUND(L9*M9,2) -> 0
A10: A. Terrenos e inmuebles | B10: A.9 | L10: =IF(ISBLANK(I10),0,I10/K10) -> 0 | N10: =ROUND(L10*M10,2) -> 0
A11: A. Terrenos e inmuebles | B11: A.10 | L11: =IF(ISBLANK(I11),0,I11/K11) -> 0 | N11: =ROUND(L11*M11,2) -> 0
A12: TOTAL A. Terrenos e inmuebles | N12: =SUM(N2:N11) -> 0
A13: B. Construcción y reforma (incluye mano de obra) | B13: B.1 | L13: =IF(ISBLANK(I13),0,I13/K13) -> 0 | N13: =ROUND(L13*M13,2) -> 0
A14: B. Construcción y reforma (incluye mano de obra) | B14: B.2 | L14: =IF(ISBLANK(I14),0,I14/K14) -> 0 | N14: =ROUND(L14*M14,2) -> 0
A15: B. Construcción y reforma (incluye mano de obra) | B15: B.3 | L15: =IF(ISBLANK(I15),0,I15/K15) -> 0 | N15: =ROUND(L15*M15,2) -> 0
A16: B. Construcción y reforma (incluye mano de obra) | B16: B.4 | L16: =IF(ISBLANK(I16),0,I16/K16) -> 0 | N16: =ROUND(L16*M16,2) -> 0
A17: B. Construcción y reforma (incluye mano de obra) | B17: B.5 | L17: =IF(ISBLANK(I17),0,I17/K17) -> 0 | N17: =ROUND(L17*M17,2) -> 0
A18: B. Construcción y reforma (incluye mano de obra) | B18: B.6 | L18: =IF(ISBLANK(I18),0,I18/K18) -> 0 | N18: =ROUND(L18*M18,2) -> 0
A19: B. Construcción y reforma (incluye mano de obra) | B19: B.7 | L19: =IF(ISBLANK(I19),0,I19/K19) -> 0 | N19: =ROUND(L19*M19,2) -> 0
A20: B. Construcción y reforma (incluye mano de obra) | B20: B.8 | L20: =IF(ISBLANK(I20),0,I20/K20) -> 0 | N20: =ROUND(L20*M20,2) -> 0
A21: B. Construcción y reforma (incluye mano de obra) | B21: B.9 | L21: =IF(ISBLANK(I21),0,I21/K21) -> 0 | N21: =ROUND(L21*M21,2) -> 0
A22: B. Construcción y reforma (incluye mano de obra) | B22: B.10 | L22: =IF(ISBLANK(I22),0,I22/K22) -> 0 | N22: =ROUND(L22*M22,2) -> 0
A23: TOTAL B. Construcción y reforma (incluye mano de obra) | N23: =SUM(N13:N22) -> 0
A24: C. Notariales y registrales | B24: C.1 | L24: =IF(ISBLANK(I24),0,I24/K24) -> 0 | N24: =ROUND(L24*M24,2) -> 0
A25: C. Notariales y registrales | B25: C.2 | L25: =IF(ISBLANK(I25),0,I25/K25) -> 0 | N25: =ROUND(L25*M25,2) -> 0
A26: C. Notariales y registrales | B26: C.3 | L26: =IF(ISBLANK(I26),0,I26/K26) -> 0 | N26: =ROUND(L26*M26,2) -> 0
A27: C. Notariales y registrales | B27: C.4 | L27: =IF(ISBLANK(I27),0,I27/K27) -> 0 | N27: =ROUND(L27*M27,2) -> 0
A28: C. Notariales y registrales | B28: C.5 | L28: =IF(ISBLANK(I28),0,I28/K28) -> 0 | N28: =ROUND(L28*M28,2) -> 0
A29: C. Notariales y registrales | B29: C.6 | L29: =IF(ISBLANK(I29),0,I29/K29) -> 0 | N29: =ROUND(L29*M29,2) -> 0
A30: C. Notariales y registrales | B30: C.7 | L30: =IF(ISBLANK(I30),0,I30/K30) -> 0 | N30: =ROUND(L30*M30,2) -> 0
A31: C. Notariales y registrales | B31: C.8 | L31: =IF(ISBLANK(I31),0,I31/K31) -> 0 | N31: =ROUND(L31*M31,2) -> 0
A32: C. Notariales y registrales | B32: C.9 | L32: =IF(ISBLANK(I32),0,I32/K32) -> 0 | N32: =ROUND(L32*M32,2) -> 0
A33: C. Notariales y registrales | B33: C.10 | L33: =IF(ISBLANK(I33),0,I33/K33) -> 0 | N33: =ROUND(L33*M33,2) -> 0
A34: TOTAL C. Notariales y registrales | N34: =SUM(N24:N33) -> 0
A35: D. Equipos, materiales y suministros (adquisición y transporte) | B35: D.1 | L35: =IF(ISBLANK(I35),0,I35/K35) -> 0 | N35: =ROUND(L35*M35,2) -> 0
A36: D. Equipos, materiales y suministros (adquisición y transporte) | B36: D.2 | L36: =IF(ISBLANK(I36),0,I36/K36) -> 0 | N36: =ROUND(L36*M36,2) -> 0
A37: D. Equipos, materiales y suministros (adquisición y transporte) | B37: D.3 | L37: =IF(ISBLANK(I37),0,I37/K37) -> 0 | N37: =ROUND(L37*M37,2) -> 0
A38: D. Equipos, materiales y suministros (adquisición y transporte) | B38: D.4 | L38: =IF(ISBLANK(I38),0,I38/K38) -> 0 | N38: =ROUND(L38*M38,2) -> 0
A39: D. Equipos, materiales y suministros (adquisición y transporte) | B39: D.5 | L39: =IF(ISBLANK(I39),0,I39/K39) -> 0 | N39: =ROUND(L39*M39,2) -> 0
A40: D. Equipos, materiales y suministros (adquisición y transporte) | B40: D.6 | L40: =IF(ISBLANK(I40),0,I40/K40) -> 0 | N40: =ROUND(L40*M40,2) -> 0
A41: D. Equipos, materiales y suministros (adquisición y transporte) | B41: D.7 | L41: =IF(ISBLANK(I41),0,I41/K41) -> 0 | N41: =ROUND(L41*M41,2) -> 0
A42: D. Equipos, materiales y suministros (adquisición y transporte) | B42: D.8 | L42: =IF(ISBLANK(I42),0,I42/K42) -> 0 | N42: =ROUND(L42*M42,2) -> 0
A43: D. Equipos, materiales y suministros (adquisición y transporte) | B43: D.9 | L43: =IF(ISBLANK(I43),0,I43/K43) -> 0 | N43: =ROUND(L43*M43,2) -> 0
A44: D. Equipos, materiales y suministros (adquisición y transporte) | B44: D.10 | L44: =IF(ISBLANK(I44),0,I44/K44) -> 0 | N44: =ROUND(L44*M44,2) -> 0
A45: TOTAL D. Equipos, materiales y suministros (adquisición y transporte) | N45: =SUM(N35:N44) -> 0
A46: E. Personal local | B46: E.1 | L46: =IF(ISBLANK(I46),0,I46/K46) -> 0 | N46: =ROUND(L46*M46,2) -> 0
A47: E. Personal local | B47: E.2 | L47: =IF(ISBLANK(I47),0,I47/K47) -> 0 | N47: =ROUND(L47*M47,2) -> 0
A48: E. Personal local | B48: E.3 | L48: =IF(ISBLANK(I48),0,I48/K48) -> 0 | N48: =ROUND(L48*M48,2) -> 0
A49: E. Personal local | B49: E.4 | L49: =IF(ISBLANK(I49),0,I49/K49) -> 0 | N49: =ROUND(L49*M49,2) -> 0
A50: E. Personal local | B50: E.5 | L50: =IF(ISBLANK(I50),0,I50/K50) -> 0 | N50: =ROUND(L50*M50,2) -> 0
A51: E. Personal local | B51: E.6 | L51: =IF(ISBLANK(I51),0,I51/K51) -> 0 | N51: =ROUND(L51*M51,2) -> 0
A52: E. Personal local | B52: E.7 | L52: =IF(ISBLANK(I52),0,I52/K52) -> 0 | N52: =ROUND(L52*M52,2) -> 0
A53: E. Personal local | B53: E.8 | L53: =IF(ISBLANK(I53),0,I53/K53) -> 0 | N53: =ROUND(L53*M53,2) -> 0
A54: E. Personal local | B54: E.9 | L54: =IF(ISBLANK(I54),0,I54/K54) -> 0 | N54: =ROUND(L54*M54,2) -> 0
A55: E. Personal local | B55: E.10 | L55: =IF(ISBLANK(I55),0,I55/K55) -> 0 | N55: =ROUND(L55*M55,2) -> 0
A56: TOTAL E. Personal local | N56: =SUM(N46:N55) -> 0
A57: F. Personal expatriado | B57: F.1 | L57: =IF(ISBLANK(I57),0,I57/K57) -> 0 | N57: =ROUND(L57*M57,2) -> 0
A58: F. Personal expatriado | B58: F.2 | L58: =IF(ISBLANK(I58),0,I58/K58) -> 0 | N58: =ROUND(L58*M58,2) -> 0
A59: F. Personal expatriado | B59: F.3 | L59: =IF(ISBLANK(I59),0,I59/K59) -> 0 | N59: =ROUND(L59*M59,2) -> 0
A60: F. Personal expatriado | B60: F.4 | L60: =IF(ISBLANK(I60),0,I60/K60) -> 0 | N60: =ROUND(L60*M60,2) -> 0
A61: F. Personal expatriado | B61: F.5 | L61: =IF(ISBLANK(I61),0,I61/K61) -> 0 | N61: =ROUND(L61*M61,2) -> 0
A62: F. Personal expatriado | B62: F.6 | L62: =IF(ISBLANK(I62),0,I62/K62) -> 0 | N62: =ROUND(L62*M62,2) -> 0
A63: F. Personal expatriado | B63: F.7 | L63: =IF(ISBLANK(I63),0,I63/K63) -> 0 | N63: =ROUND(L63*M63,2) -> 0
A64: F. Personal expatriado | B64: F.8 | L64: =IF(ISBLANK(I64),0,I64/K64) -> 0 | N64: =ROUND(L64*M64,2) -> 0
A65: F. Personal expatriado | B65: F.9 | L65: =IF(ISBLANK(I65),0,I65/K65) -> 0 | N65: =ROUND(L65*M65,2) -> 0
A66: F. Personal expatriado | B66: F.10 | L66: =IF(ISBLANK(I66),0,I66/K66) -> 0 | N66: =ROUND(L66*M66,2) -> 0
A67: TOTAL F. Personal expatriado | N67: =SUM(N57:N66) -> 0
A68: G. Servicios técnicos o profesionales | B68: G.1 | L68: =IF(ISBLANK(I68),0,I68/K68) -> 0 | N68: =ROUND(L68*M68,2) -> 0
A69: G. Servicios técnicos o profesionales | B69: G.2 | L69: =IF(ISBLANK(I69),0,I69/K69) -> 0 | N69: =ROUND(L69*M69,2) -> 0
A70: G. Servicios técnicos o profesionales | B70: G.3 | L70: =IF(ISBLANK(I70),0,I70/K70) -> 0 | N70: =ROUND(L70*M70,2) -> 0
A71: G. Servicios técnicos o profesionales | B71: G.4 | L71: =IF(ISBLANK(I71),0,I71/K71) -> 0 | N71: =ROUND(L71*M71,2) -> 0
A72: G. Servicios técnicos o profesionales | B72: G.5 | L72: =IF(ISBLANK(I72),0,I72/K72) -> 0 | N72: =ROUND(L72*M72,2) -> 0
A73: G. Servicios técnicos o profesionales | B73: G.6 | L73: =IF(ISBLANK(I73),0,I73/K73) -> 0 | N73: =ROUND(L73*M73,2) -> 0
A74: G. Servicios técnicos o profesionales | B74: G.7 | L74: =IF(ISBLANK(I74),0,I74/K74) -> 0 | N74: =ROUND(L74*M74,2) -> 0
A75: G. Servicios técnicos o profesionales | B75: G.8 | L75: =IF(ISBLANK(I75),0,I75/K75) -> 0 | N75: =ROUND(L75*M75,2) -> 0
A76: G. Servicios técnicos o profesionales | B76: G.9 | L76: =IF(ISBLANK(I76),0,I76/K76) -> 0 | N76: =ROUND(L76*M76,2) -> 0
A77: G. Servicios técnicos o profesionales | B77: G.10 | L77: =IF(ISBLANK(I77),0,I77/K77) -> 0 | N77: =ROUND(L77*M77,2) -> 0
A78: TOTAL G. Servicios técnicos o profesionales | N78: =SUM(N68:N77) -> 0
A79: H. Viajes y estancias | B79: H.1 | L79: =IF(ISBLANK(I79),0,I79/K79) -> 0 | N79: =ROUND(L79*M79,2) -> 0
A80: H. Viajes y estancias | B80: H.2 | L80: =IF(ISBLANK(I80),0,I80/K80) -> 0 | N80: =ROUND(L80*M80,2) -> 0
A81: H. Viajes y estancias | B81: H.3 | L81: =IF(ISBLANK(I81),0,I81/K81) -> 0 | N81: =ROUND(L81*M81,2) -> 0
A82: H. Viajes y estancias | B82: H.4 | L82: =IF(ISBLANK(I82),0,I82/K82) -> 0 | N82: =ROUND(L82*M82,2) -> 0
A83: H. Viajes y estancias | B83: H.5 | L83: =IF(ISBLANK(I83),0,I83/K83) -> 0 | N83: =ROUND(L83*M83,2) -> 0
A84: H. Viajes y estancias | B84: H.6 | L84: =IF(ISBLANK(I84),0,I84/K84) -> 0 | N84: =ROUND(L84*M84,2) -> 0
A85: H. Viajes y estancias | B85: H.7 | L85: =IF(ISBLANK(I85),0,I85/K85) -> 0 | N85: =ROUND(L85*M85,2) -> 0
A86: H. Viajes y estancias | B86: H.8 | L86: =IF(ISBLANK(I86),0,I86/K86) -> 0 | N86: =ROUND(L86*M86,2) -> 0
A87: H. Viajes y estancias | B87: H.9 | L87: =IF(ISBLANK(I87),0,I87/K87) -> 0 | N87: =ROUND(L87*M87,2) -> 0
A88: H. Viajes y estancias | B88: H.10 | L88: =IF(ISBLANK(I88),0,I88/K88) -> 0 | N88: =ROUND(L88*M88,2) -> 0
A89: TOTAL H. Viajes y estancias | N89: =SUM(N79:N88) -> 0
A90: I. Funcionamiento en terreno | B90: I.1 | L90: =IF(ISBLANK(I90),0,I90/K90) -> 0 | N90: =ROUND(L90*M90,2) -> 0
A91: I. Funcionamiento en terreno | B91: I.2 | L91: =IF(ISBLANK(I91),0,I91/K91) -> 0 | N91: =ROUND(L91*M91,2) -> 0
A92: I. Funcionamiento en terreno | B92: I.3 | L92: =IF(ISBLANK(I92),0,I92/K92) -> 0 | N92: =ROUND(L92*M92,2) -> 0
A93: I. Funcionamiento en terreno | B93: I.4 | L93: =IF(ISBLANK(I93),0,I93/K93) -> 0 | N93: =ROUND(L93*M93,2) -> 0
A94: I. Funcionamiento en terreno | B94: I.5 | L94: =IF(ISBLANK(I94),0,I94/K94) -> 0 | N94: =ROUND(L94*M94,2) -> 0
A95: I. Funcionamiento en terreno | B95: I.6 | L95: =IF(ISBLANK(I95),0,I95/K95) -> 0 | N95: =ROUND(L95*M95,2) -> 0
A96: I. Funcionamiento en terreno | B96: I.7 | L96: =IF(ISBLANK(I96),0,I96/K96) -> 0 | N96: =ROUND(L96*M96,2) -> 0
A97: I. Funcionamiento en terreno | B97: I.8 | L97: =IF(ISBLANK(I97),0,I97/K97) -> 0 | N97: =ROUND(L97*M97,2) -> 0
A98: I. Funcionamiento en terreno | B98: I.9 | L98: =IF(ISBLANK(I98),0,I98/K98) -> 0 | N98: =ROUND(L98*M98,2) -> 0
A99: I. Funcionamiento en terreno | B99: I.10 | L99: =IF(ISBLANK(I99),0,I99/K99) -> 0 | N99: =ROUND(L99*M99,2) -> 0
A100: TOTAL I. Funcionamiento en terreno | N100: =SUM(N90:N99) -> 0
...

Sheet Entidad-Gastos-C.Indirectos
A1: PARTIDA | B1: Nº | C1: Nº de factura del proveedor | D1: Fecha | E1: Proveedor | F1: Concepto | G1: Forma de pago (cheque, transferencia, efectivo...) | H1: Nº cheque / transferencia | I1: Importe total de la factura en EUROS | J1: % imputado con cargo a la entidad | K1: Importe financiado con cargo a la entidad
A2: K. De administración de la Entidad/ONG | B2: K.1 | K2: =ROUND(I2*J2,2) -> 0
A3: K. De administración de la Entidad/ONG | B3: K.2 | K3: =ROUND(I3*J3,2) -> 0
A4: K. De administración de la Entidad/ONG | B4: K.3 | K4: =ROUND(I4*J4,2) -> 0
A5: K. De administración de la Entidad/ONG | B5: K.4 | K5: =ROUND(I5*J5,2) -> 0
A6: K. De administración de la Entidad/ONG | B6: K.5 | K6: =ROUND(I6*J6,2) -> 0
A7: K. De administración de la Entidad/ONG | B7: K.6 | K7: =ROUND(I7*J7,2) -> 0
A8: K. De administración de la Entidad/ONG | B8: K.7 | K8: =ROUND(I8*J8,2) -> 0
A9: K. De administración de la Entidad/ONG | B9: K.8 | K9: =ROUND(I9*J9,2) -> 0
A10: K. De administración de la Entidad/ONG | B10: K.9 | K10: =ROUND(I10*J10,2) -> 0
A11: K. De administración de la Entidad/ONG | B11: K.10 | K11: =ROUND(I11*J11,2) -> 0
A12: TOTAL K. De administración de la Entidad/ONG | K12: =SUM(K2:K11) -> 0
A13: M. Seguimiento y evaluación | B13: M.1 | K13: =ROUND(I13*J13,2) -> 0
A14: M. Seguimiento y evaluación | B14: M.2 | K14: =ROUND(I14*J14,2) -> 0
A15: M. Seguimiento y evaluación | B15: M.3 | K15: =ROUND(I15*J15,2) -> 0
A16: M. Seguimiento y evaluación | B16: M.4 | K16: =ROUND(I16*J16,2) -> 0
A17: M. Seguimiento y evaluación | B17: M.5 | K17: =ROUND(I17*J17,2) -> 0
A18: M. Seguimiento y evaluación | B18: M.6 | K18: =ROUND(I18*J18,2) -> 0
A19: M. Seguimiento y evaluación | B19: M.7 | K19: =ROUND(I19*J19,2) -> 0
A20: M. Seguimiento y evaluación | B20: M.8 | K20: =ROUND(I20*J20,2) -> 0
A21: M. Seguimiento y evaluación | B21: M.9 | K21: =ROUND(I21*J21,2) -> 0
A22: M. Seguimiento y evaluación | B22: M.10 | K22: =ROUND(I22*J22,2) -> 0
A23: TOTAL M. Seguimiento y evaluación | K23: =SUM(K13:K22) -> 0
A24: N. Actividades de sensibilización y EpD en Aragón | B24: N.1 | K24: =ROUND(I24*J24,2) -> 0
A25: N. Actividades de sensibilización y EpD en Aragón | B25: N.2 | K25: =ROUND(I25*J25,2) -> 0
A26: N. Actividades de sensibilización y EpD en Aragón | B26: N.3 | K26: =ROUND(I26*J26,2) -> 0
A27: N. Actividades de sensibilización y EpD en Aragón | B27: N.4 | K27: =ROUND(I27*J27,2) -> 0
A28: N. Actividades de sensibilización y EpD en Aragón | B28: N.5 | K28: =ROUND(I28*J28,2) -> 0
A29: N. Actividades de sensibilización y EpD en Aragón | B29: N.6 | K29: =ROUND(I29*J29,2) -> 0
A30: N. Actividades de sensibilización y EpD en Aragón | B30: N.7 | K30: =ROUND(I30*J30,2) -> 0
A31: N. Actividades de sensibilización y EpD en Aragón | B31: N.8 | K31: =ROUND(I31*J31,2) -> 0
A32: N. Actividades de sensibilización y EpD en Aragón | B32: N.9 | K32: =ROUND(I32*J32,2) -> 0
A33: N. Actividades de sensibilización y EpD en Aragón | B33: N.10 | K33: =ROUND(I33*J33,2) -> 0
A34: TOTAL N. Actividades de sensibilización y EpD en Aragón | K34: =SUM(K24:K33) -> 0
A35: O. Comisiones bancarias (de las transferencias al socio local) | B35: O.1 | K35: =ROUND(I35*J35,2) -> 0
A36: O. Comisiones bancarias (de las transferencias al socio local) | B36: O.2 | K36: =ROUND(I36*J36,2) -> 0
A37: O. Comisiones bancarias (de las transferencias al socio local) | B37: O.3 | K37: =ROUND(I37*J37,2) -> 0
A38: O. Comisiones bancarias (de las transferencias al socio local) | B38: O.4 | K38: =ROUND(I38*J38,2) -> 0
A39: O. Comisiones bancarias (de las transferencias al socio local) | B39: O.5 | K39: =ROUND(I39*J39,2) -> 0
A40: O. Comisiones bancarias (de las transferencias al socio local) | B40: O.6 | K40: =ROUND(I40*J40,2) -> 0
A41: O. Comisiones bancarias (de las transferencias al socio local) | B41: O.7 | K41: =ROUND(I41*J41,2) -> 0
A42: O. Comisiones bancarias (de las transferencias al socio local) | B42: O.8 | K42: =ROUND(I42*J42,2) -> 0
A43: O. Comisiones bancarias (de las transferencias al socio local) | B43: O.9 | K43: =ROUND(I43*J43,2) -> 0
A44: O. Comisiones bancarias (de las transferencias al socio local) | B44: O.10 | K44: =ROUND(I44*J44,2) -> 0
A45: TOTAL O. Comisiones bancarias (de las transferencias al socio local) | K45: =SUM(K35:K44) -> 0
A46: P. Auditorías | B46: P.1 | K46: =ROUND(I46*J46,2) -> 0
A47: P. Auditorías | B47: P.2 | K47: =ROUND(I47*J47,2) -> 0
A48: P. Auditorías | B48: P.3 | K48: =ROUND(I48*J48,2) -> 0
A49: TOTAL P. Auditorías | K49: =SUM(K46:K48) -> 0
A52: Deben respetarse las fórmulas de las celdas coloreadas, atención al insertar nuevas filas

Sheet Socio Local-Gastos-C.Directos
A1: PARTIDA | B1: Nº | C1: Nº de factura del proveedor | D1: Fecha | E1: Proveedor | F1: Concepto | G1: Forma de pago (cheque, transferencia, efectivo...) | H1: Nº cheque / transferencia | I1: Importe total de la factura | J1: Divisa de la factura | K1: Tipo de cambio de la divisa | L1: Importe total de la factura en € | M1: % imputado con cargo al socio local | N1: Importe financiado con cargo al socio local
A2: A. Terrenos e inmuebles | B2: A.1 | K2: ='Transferencias y cambio'!J14 -> 0 | L2: =IF(ISBLANK(I2),0,I2/K2) -> 0 | N2: =ROUND(L2*M2,2) -> 0
A3: A. Terrenos e inmuebles | B3: A.2 | L3: =IF(ISBLANK(I3),0,I3/K3) -> 0 | N3: =ROUND(L3*M3,2) -> 0
A4: A. Terrenos e inmuebles | B4: A.3 | L4: =IF(ISBLANK(I4),0,I4/K4) -> 0 | N4: =ROUND(L4*M4,2) -> 0
A5: A. Terrenos e inmuebles | B5: A.4 | L5: =IF(ISBLANK(I5),0,I5/K5) -> 0 | N5: =ROUND(L5*M5,2) -> 0
A6: A. Terrenos e inmuebles | B6: A.5 | L6: =IF(ISBLANK(I6),0,I6/K6) -> 0 | N6: =ROUND(L6*M6,2) -> 0
A7: A. Terrenos e inmuebles | B7: A.6 | L7: =IF(ISBLANK(I7),0,I7/K7) -> 0 | N7: =ROUND(L7*M7,2) -> 0
A8: A. Terrenos e inmuebles | B8: A.7 | L8: =IF(ISBLANK(I8),0,I8/K8) -> 0 | N8: =ROUND(L8*M8,2) -> 0
A9: A. Terrenos e inmuebles | B9: A.8 | L9: =IF(ISBLANK(I9),0,I9/K9) -> 0 | N9: =ROUND(L9*M9,2) -> 0
A10: A. Terrenos e inmuebles | B10: A.9 | L10: =IF(ISBLANK(I10),0,I10/K10) -> 0 | N10: =ROUND(L10*M10,2) -> 0
A11: A. Terrenos e inmuebles | B11: A.10 | L11: =IF(ISBLANK(I11),0,I11/K11) -> 0 | N11: =ROUND(L11*M11,2) -> 0
A12: TOTAL A. Terrenos e inmuebles | N12: =SUM(N2:N11) -> 0
A13: B. Construcción y reforma (incluye mano de obra) | B13: B.1 | L13: =IF(ISBLANK(I13),0,I13/K13) -> 0 | N13: =ROUND(L13*M13,2) -> 0
A14: B. Construcción y reforma (incluye mano de obra) | B14: B.2 | L14: =IF(ISBLANK(I14),0,I14/K14) -> 0 | N14: =ROUND(L14*M14,2) -> 0
A15: B. Construcción y reforma (incluye mano de obra) | B15: B.3 | L15: =IF(ISBLANK(I15),0,I15/K15) -> 0 | N15: =ROUND(L15*M15,2) -> 0
A16: B. Construcción y reforma (incluye mano de obra) | B16: B.4 | L16: =IF(ISBLANK(I16),0,I16/K16) -> 0 | N16: =ROUND(L16*M16,2) -> 0
A17: B. Construcción y reforma (incluye mano de obra) | B17: B.5 | L17: =IF(ISBLANK(I17),0,I17/K17) -> 0 | N17: =ROUND(L17*M17,2) -> 0
A18: B. Construcción y reforma (incluye mano de obra) | B18: B.6 | L18: =IF(ISBLANK(I18),0,I18/K18) -> 0 | N18: =ROUND(L18*M18,2) -> 0
A19: B. Construcción y reforma (incluye mano de obra) | B19: B.7 | L19: =IF(ISBLANK(I19),0,I19/K19) -> 0 | N19: =ROUND(L19*M19,2) -> 0
A20: B. Construcción y reforma (incluye mano de obra) | B20: B.8 | L20: =IF(ISBLANK(I20),0,I20/K20) -> 0 | N20: =ROUND(L20*M20,2) -> 0
A21: B. Construcción y reforma (incluye mano de obra) | B21: B.9 | L21: =IF(ISBLANK(I21),0,I21/K21) -> 0 | N21: =ROUND(L21*M21,2) -> 0
A22: B. Construcción y reforma (incluye mano de obra) | B22: B.10 | L22: =IF(ISBLANK(I22),0,I22/K22) -> 0 | N22: =ROUND(L22*M22,2) -> 0
A23: TOTAL B. Construcción y reforma (incluye mano de obra) | N23: =SUM(N13:N22) -> 0
A24: C. Notariales y registrales | B24: C.1 | L24: =IF(ISBLANK(I24),0,I24/K24) -> 0 | N24: =ROUND(L24*M24,2) -> 0
A25: C. Notariales y registrales | B25: C.2 | L25: =IF(ISBLANK(I25),0,I25/K25) -> 0 | N25: =ROUND(L25*M25,2) -> 0
A26: C. Notariales y registrales | B26: C.3 | L26: =IF(ISBLANK(I26),0,I26/K26) -> 0 | N26: =ROUND(L26*M26,2) -> 0
A27: C. Notariales y registrales | B27: C.4 | L27: =IF(ISBLANK(I27),0,I27/K27) -> 0 | N27: =ROUND(L27*M27,2) -> 0
A28: C. Notariales y registrales | B28: C.5 | L28: =IF(ISBLANK(I28),0,I28/K28) -> 0 | N28: =ROUND(L28*M28,2) -> 0
A29: C. Notariales y registrales | B29: C.6 | L29: =IF(ISBLANK(I29),0,I29/K29) -> 0 | N29: =ROUND(L29*M29,2) -> 0
A30: C. Notariales y registrales | B30: C.7 | L30: =IF(ISBLANK(I30),0,I30/K30) -> 0 | N30: =ROUND(L30*M30,2) -> 0
A31: C. Notariales y registrales | B31: C.8 | L31: =IF(ISBLANK(I31),0,I31/K31) -> 0 | N31: =ROUND(L31*M31,2) -> 0
A32: C. Notariales y registrales | B32: C.9 | L32: =IF(ISBLANK(I32),0,I32/K32) -> 0 | N32: =ROUND(L32*M32,2) -> 0
A33: C. Notariales y registrales | B33: C.10 | L33: =IF(ISBLANK(I33),0,I33/K33) -> 0 | N33: =ROUND(L33*M33,2) -> 0
A34: TOTAL C. Notariales y registrales | N34: =SUM(N24:N33) -> 0
A35: D. Equipos, materiales y suministros (adquisición y transporte) | B35: D.1 | L35: =IF(ISBLANK(I35),0,I35/K35) -> 0 | N35: =ROUND(L35*M35,2) -> 0
A36: D. Equipos, materiales y suministros (adquisición y transporte) | B36: D.2 | L36: =IF(ISBLANK(I36),0,I36/K36) -> 0 | N36: =ROUND(L36*M36,2) -> 0
A37: D. Equipos, materiales y suministros (adquisición y transporte) | B37: D.3 | L37: =IF(ISBLANK(I37),0,I37/K37) -> 0 | N37: =ROUND(L37*M37,2) -> 0
A38: D. Equipos, materiales y suministros (adquisición y transporte) | B38: D.4 | L38: =IF(ISBLANK(I38),0,I38/K38) -> 0 | N38: =ROUND(L38*M38,2) -> 0
A39: D. Equipos, materiales y suministros (adquisición y transporte) | B39: D.5 | L39: =IF(ISBLANK(I39),0,I39/K39) -> 0 | N39: =ROUND(L39*M39,2) -> 0
A40: D. Equipos, materiales y suministros (adquisición y transporte) | B40: D.6 | L40: =IF(ISBLANK(I40),0,I40/K40) -> 0 | N40: =ROUND(L40*M40,2) -> 0
A41: D. Equipos, materiales y suministros (adquisición y transporte) | B41: D.7 | L41: =IF(ISBLANK(I41),0,I41/K41) -> 0 | N41: =ROUND(L41*M41,2) -> 0
A42: D. Equipos, materiales y suministros (adquisición y transporte) | B42: D.8 | L42: =IF(ISBLANK(I42),0,I42/K42) -> 0 | N42: =ROUND(L42*M42,2) -> 0
A43: D. Equipos, materiales y suministros (adquisición y transporte) | B43: D.9 | L43: =IF(ISBLANK(I43),0,I43/K43) -> 0 | N43: =ROUND(L43*M43,2) -> 0
A44: D. Equipos, materiales y suministros (adquisición y transporte) | B44: D.10 | L44: =IF(ISBLANK(I44),0,I44/K44) -> 0 | N44: =ROUND(L44*M44,2) -> 0
A45: TOTAL D. Equipos, materiales y suministros (adquisición y transporte) | N45: =SUM(N35:N44) -> 0
A46: E. Personal local | B46: E.1 | L46: =IF(ISBLANK(I46),0,I46/K46) -> 0 | N46: =ROUND(L46*M46,2) -> 0
A47: E. Personal local | B47: E.2 | L47: =IF(ISBLANK(I47),0,I47/K47) -> 0 | N47: =ROUND(L47*M47,2) -> 0
A48: E. Personal local | B48: E.3 | L48: =IF(ISBLANK(I48),0,I48/K48) -> 0 | N48: =ROUND(L48*M48,2) -> 0
A49: E. Personal local | B49: E.4 | L49: =IF(ISBLANK(I49),0,I49/K49) -> 0 | N49: =ROUND(L49*M49,2) -> 0
A50: E. Personal local | B50: E.5 | L50: =IF(ISBLANK(I50),0,I50/K50) -> 0 | N50: =ROUND(L50*M50,2) -> 0
A51: E. Personal local | B51: E.6 | L51: =IF(ISBLANK(I51),0,I51/K51) -> 0 | N51: =ROUND(L51*M51,2) -> 0
A52: E. Personal local | B52: E.7 | L52: =IF(ISBLANK(I52),0,I52/K52) -> 0 | N52: =ROUND(L52*M52,2) -> 0
A53: E. Personal local | B53: E.8 | L53: =IF(ISBLANK(I53),0,I53/K53) -> 0 | N53: =ROUND(L53*M53,2) -> 0
A54: E. Personal local | B54: E.9 | L54: =IF(ISBLANK(I54),0,I54/K54) -> 0 | N54: =ROUND(L54*M54,2) -> 0
A55: E. Personal local | B55: E.10 | L55: =IF(ISBLANK(I55),0,I55/K55) -> 0 | N55: =ROUND(L55*M55,2) -> 0
A56: TOTAL E. Personal local | N56: =SUM(N46:N55) -> 0
A57: F. Personal expatriado | B57: F.1 | L57: =IF(ISBLANK(I57),0,I57/K57) -> 0 | N57: =ROUND(L57*M57,2) -> 0
A58: F. Personal expatriado | B58: F.2 | L58: =IF(ISBLANK(I58),0,I58/K58) -> 0 | N58: =ROUND(L58*M58,2) -> 0
A59: F. Personal expatriado | B59: F.3 | L59: =IF(ISBLANK(I59),0,I59/K59) -> 0 | N59: =ROUND(L59*M59,2) -> 0
A60: F. Personal expatriado | B60: F.4 | L60: =IF(ISBLANK(I60),0,I60/K60) -> 0 | N60: =ROUND(L60*M60,2) -> 0
A61: F. Personal expatriado | B61: F.5 | L61: =IF(ISBLANK(I61),0,I61/K61) -> 0 | N61: =ROUND(L61*M61,2) -> 0
A62: F. Personal expatriado | B62: F.6 | L62: =IF(ISBLANK(I62),0,I62/K62) -> 0 | N62: =ROUND(L62*M62,2) -> 0
A63: F. Personal expatriado | B63: F.7 | L63: =IF(ISBLANK(I63),0,I63/K63) -> 0 | N63: =ROUND(L63*M63,2) -> 0
A64: F. Personal expatriado | B64: F.8 | L64: =IF(ISBLANK(I64),0,I64/K64) -> 0 | N64: =ROUND(L64*M64,2) -> 0
A65: F. Personal expatriado | B65: F.9 | L65: =IF(ISBLANK(I65),0,I65/K65) -> 0 | N65: =ROUND(L65*M65,2) -> 0
A66: F. Personal expatriado | B66: F.10 | L66: =IF(ISBLANK(I66),0,I66/K66) -> 0 | N66: =ROUND(L66*M66,2) -> 0
A67: TOTAL F. Personal expatriado | N67: =SUM(N57:N66) -> 0
A68: G. Servicios técnicos o profesionales | B68: G.1 | L68: =IF(ISBLANK(I68),0,I68/K68) -> 0 | N68: =ROUND(L68*M68,2) -> 0
A69: G. Servicios técnicos o profesionales | B69: G.2 | L69: =IF(ISBLANK(I69),0,I69/K69) -> 0 | N69: =ROUND(L69*M69,2) -> 0
A70: G. Servicios técnicos o profesionales | B70: G.3 | L70: =IF(ISBLANK(I70),0,I70/K70) -> 0 | N70: =ROUND(L70*M70,2) -> 0
A71: G. Servicios técnicos o profesionales | B71: G.4 | L71: =IF(ISBLANK(I71),0,I71/K71) -> 0 | N71: =ROUND(L71*M71,2) -> 0
A72: G. Servicios técnicos o profesionales | B72: G.5 | L72: =IF(ISBLANK(I72),0,I72/K72) -> 0 | N72: =ROUND(L72*M72,2) -> 0
A73: G. Servicios técnicos o profesionales | B73: G.6 | L73: =IF(ISBLANK(I73),0,I73/K73) -> 0 | N73: =ROUND(L73*M73,2) -> 0
A74: G. Servicios técnicos o profesionales | B74: G.7 | L74: =IF(ISBLANK(I74),0,I74/K74) -> 0 | N74: =ROUND(L74*M74,2) -> 0
A75: G. Servicios técnicos o profesionales | B75: G.8 | L75: =IF(ISBLANK(I75),0,I75/K75) -> 0 | N75: =ROUND(L75*M75,2) -> 0
A76: G. Servicios técnicos o profesionales | B76: G.9 | L76: =IF(ISBLANK(I76),0,I76/K76) -> 0 | N76: =ROUND(L76*M76,2) -> 0
A77: G. Servicios técnicos o profesionales | B77: G.10 | L77: =IF(ISBLANK(I77),0,I77/K77) -> 0 | N77: =ROUND(L77*M77,2) -> 0
A78: TOTAL G. Servicios técnicos o profesionales | N78: =SUM(N68:N77) -> 0
A79: H. Viajes y estancias | B79: H.1 | L79: =IF(ISBLANK(I79),0,I79/K79) -> 0 | N79: =ROUND(L79*M79,2) -> 0
A80: H. Viajes y estancias | B80: H.2 | L80: =IF(ISBLANK(I80),0,I80/K80) -> 0 | N80: =ROUND(L80*M80,2) -> 0
A81: H. Viajes y estancias | B81: H.3 | L81: =IF(ISBLANK(I81),0,I81/K81) -> 0 | N81: =ROUND(L81*M81,2) -> 0
A82: H. Viajes y estancias | B82: H.4 | L82: =IF(ISBLANK(I82),0,I82/K82) -> 0 | N82: =ROUND(L82*M82,2) -> 0
A83: H. Viajes y estancias | B83: H.5 | L83: =IF(ISBLANK(I83),0,I83/K83) -> 0 | N83: =ROUND(L83*M83,2) -> 0
A84: H. Viajes y estancias | B84: H.6 | L84: =IF(ISBLANK(I84),0,I84/K84) -> 0 | N84: =ROUND(L84*M84,2) -> 0
A85: H. Viajes y estancias | B85: H.7 | L85: =IF(ISBLANK(I85),0,I85/K85) -> 0 | N85: =ROUND(L85*M85,2) -> 0
A86: H. Viajes y estancias | B86: H.8 | L86: =IF(ISBLANK(I86),0,I86/K86) -> 0 | N86: =ROUND(L86*M86,2) -> 0
A87: H. Viajes y estancias | B87: H.9 | L87: =IF(ISBLANK(I87),0,I87/K87) -> 0 | N87: =ROUND(L87*M87,2) -> 0
A88: H. Viajes y estancias | B88: H.10 | L88: =IF(ISBLANK(I88),0,I88/K88) -> 0 | N88: =ROUND(L88*M88,2) -> 0
A89: TOTAL H. Viajes y estancias | N89: =SUM(N79:N88) -> 0
A90: I. Funcionamiento en terreno | B90: I.1 | L90: =IF(ISBLANK(I90),0,I90/K90) -> 0 | N90: =ROUND(L90*M90,2) -> 0
A91: I. Funcionamiento en terreno | B91: I.2 | L91: =IF(ISBLANK(I91),0,I91/K91) -> 0 | N91: =ROUND(L91*M91,2) -> 0
A92: I. Funcionamiento en terreno | B92: I.3 | L92: =IF(ISBLANK(I92),0,I92/K92) -> 0 | N92: =ROUND(L92*M92,2) -> 0
A93: I. Funcionamiento en terreno | B93: I.4 | L93: =IF(ISBLANK(I93),0,I93/K93) -> 0 | N93: =ROUND(L93*M93,2) -> 0
A94: I. Funcionamiento en terreno | B94: I.5 | L94: =IF(ISBLANK(I94),0,I94/K94) -> 0 | N94: =ROUND(L94*M94,2) -> 0
A95: I. Funcionamiento en terreno | B95: I.6 | L95: =IF(ISBLANK(I95),0,I95/K95) -> 0 | N95: =ROUND(L95*M95,2) -> 0
A96: I. Funcionamiento en terreno | B96: I.7 | L96: =IF(ISBLANK(I96),0,I96/K96) -> 0 | N96: =ROUND(L96*M96,2) -> 0
A97: I. Funcionamiento en terreno | B97: I.8 | L97: =IF(ISBLANK(I97),0,I97/K97) -> 0 | N97: =ROUND(L97*M97,2) -> 0
A98: I. Funcionamiento en terreno | B98: I.9 | L98: =IF(ISBLANK(I98),0,I98/K98) -> 0 | N98: =ROUND(L98*M98,2) -> 0
A99: I. Funcionamiento en terreno | B99: I.10 | L99: =IF(ISBLANK(I99),0,I99/K99) -> 0 | N99: =ROUND(L99*M99,2) -> 0
A100: TOTAL I. Funcionamiento en terreno | N100: =SUM(N90:N99) -> 0
...

Sheet Beneficiarios-Gastos-C.Directos
A1: PARTIDA | B1: Nº | C1: Nº de factura del proveedor | D1: Fecha | E1: Proveedor | F1: Concepto | G1: Forma de pago (cheque, transferencia, efectivo...) | H1: Nº cheque / transferencia | I1: Importe total de la factura | J1: Divisa de la factura | K1: Tipo de cambio de la divisa | L1: Importe total de la factura en € | M1: % imputado con cargo a los beneficiarios | N1: Importe financiado con cargo a los beneficiarios
A2: A. Terrenos e inmuebles | B2: A.1 | K2: ='Transferencias y cambio'!J14 -> 0 | L2: =IF(ISBLANK(I2),0,I2/K2) -> 0 | N2: =ROUND(L2*M2,2) -> 0
A3: A. Terrenos e inmuebles | B3: A.2 | L3: =IF(ISBLANK(I3),0,I3/K3) -> 0 | N3: =ROUND(L3*M3,2) -> 0
A4: A. Terrenos e inmuebles | B4: A.3 | L4: =IF(ISBLANK(I4),0,I4/K4) -> 0 | N4: =ROUND(L4*M4,2) -> 0
A5: A. Terrenos e inmuebles | B5: A.4 | L5: =IF(ISBLANK(I5),0,I5/K5) -> 0 | N5: =ROUND(L5*M5,2) -> 0
A6: A. Terrenos e inmuebles | B6: A.5 | L6: =IF(ISBLANK(I6),0,I6/K6) -> 0 | N6: =ROUND(L6*M6,2) -> 0
A7: A. Terrenos e inmuebles | B7: A.6 | L7: =IF(ISBLANK(I7),0,I7/K7) -> 0 | N7: =ROUND(L7*M7,2) -> 0
A8: A. Terrenos e inmuebles | B8: A.7 | L8: =IF(ISBLANK(I8),0,I8/K8) -> 0 | N8: =ROUND(L8*M8,2) -> 0
A9: A. Terrenos e inmuebles | B9: A.8 | L9: =IF(ISBLANK(I9),0,I9/K9) -> 0 | N9: =ROUND(L9*M9,2) -> 0
A10: A. Terrenos e inmuebles | B10: A.9 | L10: =IF(ISBLANK(I10),0,I10/K10) -> 0 | N10: =ROUND(L10*M10,2) -> 0
A11: A. Terrenos e inmuebles | B11: A.10 | L11: =IF(ISBLANK(I11),0,I11/K11) -> 0 | N11: =ROUND(L11*M11,2) -> 0
A12: TOTAL A. Terrenos e inmuebles | N12: =SUM(N2:N11) -> 0
A13: B. Construcción y reforma (incluye mano de obra) | B13: B.1 | L13: =IF(ISBLANK(I13),0,I13/K13) -> 0 | N13: =ROUND(L13*M13,2) -> 0
A14: B. Construcción y reforma (incluye mano de obra) | B14: B.2 | L14: =IF(ISBLANK(I14),0,I14/K14) -> 0 | N14: =ROUND(L14*M14,2) -> 0
A15: B. Construcción y reforma (incluye mano de obra) | B15: B.3 | L15: =IF(ISBLANK(I15),0,I15/K15) -> 0 | N15: =ROUND(L15*M15,2) -> 0
A16: B. Construcción y reforma (incluye mano de obra) | B16: B.4 | L16: =IF(ISBLANK(I16),0,I16/K16) -> 0 | N16: =ROUND(L16*M16,2) -> 0
A17: B. Construcción y reforma (incluye mano de obra) | B17: B.5 | L17: =IF(ISBLANK(I17),0,I17/K17) -> 0 | N17: =ROUND(L17*M17,2) -> 0
A18: B. Construcción y reforma (incluye mano de obra) | B18: B.6 | L18: =IF(ISBLANK(I18),0,I18/K18) -> 0 | N18: =ROUND(L18*M18,2) -> 0
A19: B. Construcción y reforma (incluye mano de obra) | B19: B.7 | L19: =IF(ISBLANK(I19),0,I19/K19) -> 0 | N19: =ROUND(L19*M19,2) -> 0
A20: B. Construcción y reforma (incluye mano de obra) | B20: B.8 | L20: =IF(ISBLANK(I20),0,I20/K20) -> 0 | N20: =ROUND(L20*M20,2) -> 0
A21: B. Construcción y reforma (incluye mano de obra) | B21: B.9 | L21: =IF(ISBLANK(I21),0,I21/K21) -> 0 | N21: =ROUND(L21*M21,2) -> 0
A22: B. Construcción y reforma (incluye mano de obra) | B22: B.10 | L22: =IF(ISBLANK(I22),0,I22/K22) -> 0 | N22: =ROUND(L22*M22,2) -> 0
A23: TOTAL B. Construcción y reforma (incluye mano de obra) | N23: =SUM(N13:N22) -> 0
A24: C. Notariales y registrales | B24: C.1 | L24: =IF(ISBLANK(I24),0,I24/K24) -> 0 | N24: =ROUND(L24*M24,2) -> 0
A25: C. Notariales y registrales | B25: C.2 | L25: =IF(ISBLANK(I25),0,I25/K25) -> 0 | N25: =ROUND(L25*M25,2) -> 0
A26: C. Notariales y registrales | B26: C.3 | L26: =IF(ISBLANK(I26),0,I26/K26) -> 0 | N26: =ROUND(L26*M26,2) -> 0
A27: C. Notariales y registrales | B27: C.4 | L27: =IF(ISBLANK(I27),0,I27/K27) -> 0 | N27: =ROUND(L27*M27,2) -> 0
A28: C. Notariales y registrales | B28: C.5 | L28: =IF(ISBLANK(I28),0,I28/K28) -> 0 | N28: =ROUND(L28*M28,2) -> 0
A29: C. Notariales y registrales | B29: C.6 | L29: =IF(ISBLANK(I29),0,I29/K29) -> 0 | N29: =ROUND(L29*M29,2) -> 0
A30: C. Notariales y registrales | B30: C.7 | L30: =IF(ISBLANK(I30),0,I30/K30) -> 0 | N30: =ROUND(L30*M30,2) -> 0
A31: C. Notariales y registrales | B31: C.8 | L31: =IF(ISBLANK(I31),0,I31/K31) -> 0 | N31: =ROUND(L31*M31,2) -> 0
A32: C. Notariales y registrales | B32: C.9 | L32: =IF(ISBLANK(I32),0,I32/K32) -> 0 | N32: =ROUND(L32*M32,2) -> 0
A33: C. Notariales y registrales | B33: C.10 | L33: =IF(ISBLANK(I33),0,I33/K33) -> 0 | N33: =ROUND(L33*M33,2) -> 0
A34: TOTAL C. Notariales y registrales | N34: =SUM(N24:N33) -> 0
A35: D. Equipos, materiales y suministros (adquisición y transporte) | B35: D.1 | L35: =IF(ISBLANK(I35),0,I35/K35) -> 0 | N35: =ROUND(L35*M35,2) -> 0
A36: D. Equipos, materiales y suministros (adquisición y transporte) | B36: D.2 | L36: =IF(ISBLANK(I36),0,I36/K36) -> 0 | N36: =ROUND(L36*M36,2) -> 0
A37: D. Equipos, materiales y suministros (adquisición y transporte) | B37: D.3 | L37: =IF(ISBLANK(I37),0,I37/K37) -> 0 | N37: =ROUND(L37*M37,2) -> 0
A38: D. Equipos, materiales y suministros (adquisición y transporte) | B38: D.4 | L38: =IF(ISBLANK(I38),0,I38/K38) -> 0 | N38: =ROUND(L38*M38,2) -> 0
A39: D. Equipos, materiales y suministros (adquisición y transporte) | B39: D.5 | L39: =IF(ISBLANK(I39),0,I39/K39) -> 0 | N39: =ROUND(L39*M39,2) -> 0
A40: D. Equipos, materiales y suministros (adquisición y transporte) | B40: D.6 | L40: =IF(ISBLANK(I40),0,I40/K40) -> 0 | N40: =ROUND(L40*M40,2) -> 0
A41: D. Equipos, materiales y suministros (adquisición y transporte) | B41: D.7 | L41: =IF(ISBLANK(I41),0,I41/K41) -> 0 | N41: =ROUND(L41*M41,2) -> 0
A42: D. Equipos, materiales y suministros (adquisición y transporte) | B42: D.8 | L42: =IF(ISBLANK(I42),0,I42/K42) -> 0 | N42: =ROUND(L42*M42,2) -> 0
A43: D. Equipos, materiales y suministros (adquisición y transporte) | B43: D.9 | L43: =IF(ISBLANK(I43),0,I43/K43) -> 0 | N43: =ROUND(L43*M43,2) -> 0
A44: D. Equipos, materiales y suministros (adquisición y transporte) | B44: D.10 | L44: =IF(ISBLANK(I44),0,I44/K44) -> 0 | N44: =ROUND(L44*M44,2) -> 0
A45: TOTAL D. Equipos, materiales y suministros (adquisición y transporte) | N45: =SUM(N35:N44) -> 0
A46: E. Personal local | B46: E.1 | L46: =IF(ISBLANK(I46),0,I46/K46) -> 0 | N46: =ROUND(L46*M46,2) -> 0
A47: E. Personal local | B47: E.2 | L47: =IF(ISBLANK(I47),0,I47/K47) -> 0 | N47: =ROUND(L47*M47,2) -> 0
A48: E. Personal local | B48: E.3 | L48: =IF(ISBLANK(I48),0,I48/K48) -> 0 | N48: =ROUND(L48*M48,2) -> 0
A49: E. Personal local | B49: E.4 | L49: =IF(ISBLANK(I49),0,I49/K49) -> 0 | N49: =ROUND(L49*M49,2) -> 0
A50: E. Personal local | B50: E.5 | L50: =IF(ISBLANK(I50),0,I50/K50) -> 0 | N50: =ROUND(L50*M50,2) -> 0
A51: E. Personal local | B51: E.6 | L51: =IF(ISBLANK(I51),0,I51/K51) -> 0 | N51: =ROUND(L51*M51,2) -> 0
A52: E. Personal local | B52: E.7 | L52: =IF(ISBLANK(I52),0,I52/K52) -> 0 | N52: =ROUND(L52*M52,2) -> 0
A53: E. Personal local | B53: E.8 | L53: =IF(ISBLANK(I53),0,I53/K53) -> 0 | N53: =ROUND(L53*M53,2) -> 0
A54: E. Personal local | B54: E.9 | L54: =IF(ISBLANK(I54),0,I54/K54) -> 0 | N54: =ROUND(L54*M54,2) -> 0
A55: E. Personal local | B55: E.10 | L55: =IF(ISBLANK(I55),0,I55/K55) -> 0 | N55: =ROUND(L55*M55,2) -> 0
A56: TOTAL E. Personal local | N56: =SUM(N46:N55) -> 0
A57: F. Personal expatriado | B57: F.1 | L57: =IF(ISBLANK(I57),0,I57/K57) -> 0 | N57: =ROUND(L57*M57,2) -> 0
A58: F. Personal expatriado | B58: F.2 | L58: =IF(ISBLANK(I58),0,I58/K58) -> 0 | N58: =ROUND(L58*M58,2) -> 0
A59: F. Personal expatriado | B59: F.3 | L59: =IF(ISBLANK(I59),0,I59/K59) -> 0 | N59: =ROUND(L59*M59,2) -> 0
A60: F. Personal expatriado | B60: F.4 | L60: =IF(ISBLANK(I60),0,I60/K60) -> 0 | N60: =ROUND(L60*M60,2) -> 0
A61: F. Personal expatriado | B61: F.5 | L61: =IF(ISBLANK(I61),0,I61/K61) -> 0 | N61: =ROUND(L61*M61,2) -> 0
A62: F. Personal expatriado | B62: F.6 | L62: =IF(ISBLANK(I62),0,I62/K62) -> 0 | N62: =ROUND(L62*M62,2) -> 0
A63: F. Personal expatriado | B63: F.7 | L63: =IF(ISBLANK(I63),0,I63/K63) -> 0 | N63: =ROUND(L63*M63,2) -> 0
A64: F. Personal expatriado | B64: F.8 | L64: =IF(ISBLANK(I64),0,I64/K64) -> 0 | N64: =ROUND(L64*M64,2) -> 0
A65: F. Personal expatriado | B65: F.9 | L65: =IF(ISBLANK(I65),0,I65/K65) -> 0 | N65: =ROUND(L65*M65,2) -> 0
A66: F. Personal expatriado | B66: F.10 | L66: =IF(ISBLANK(I66),0,I66/K66) -> 0 | N66: =ROUND(L66*M66,2) -> 0
A67: TOTAL F. Personal expatriado | N67: =SUM(N57:N66) -> 0
A68: G. Servicios técnicos o profesionales | B68: G.1 | L68: =IF(ISBLANK(I68),0,I68/K68) -> 0 | N68: =ROUND(L68*M68,2) -> 0
A69: G. Servicios técnicos o profesionales | B69: G.2 | L69: =IF(ISBLANK(I69),0,I69/K69) -> 0 | N69: =ROUND(L69*M69,2) -> 0
A70: G. Servicios técnicos o profesionales | B70: G.3 | L70: =IF(ISBLANK(I70),0,I70/K70) -> 0 | N70: =ROUND(L70*M70,2) -> 0
A71: G. Servicios técnicos o profesionales | B71: G.4 | L71: =IF(ISBLANK(I71),0,I71/K71) -> 0 | N71: =ROUND(L71*M71,2) -> 0
A72: G. Servicios técnicos o profesionales | B72: G.5 | L72: =IF(ISBLANK(I72),0,I72/K72) -> 0 | N72: =ROUND(L72*M72,2) -> 0
A73: G. Servicios técnicos o profesionales | B73: G.6 | L73: =IF(ISBLANK(I73),0,I73/K73) -> 0 | N73: =ROUND(L73*M73,2) -> 0
A74: G. Servicios técnicos o profesionales | B74: G.7 | L74: =IF(ISBLANK(I74),0,I74/K74) -> 0 | N74: =ROUND(L74*M74,2) -> 0
A75: G. Servicios técnicos o profesionales | B75: G.8 | L75: =IF(ISBLANK(I75),0,I75/K75) -> 0 | N75: =ROUND(L75*M75,2) -> 0
A76: G. Servicios técnicos o profesionales | B76: G.9 | L76: =IF(ISBLANK(I76),0,I76/K76) -> 0 | N76: =ROUND(L76*M76,2) -> 0
A77: G. Servicios técnicos o profesionales | B77: G.10 | L77: =IF(ISBLANK(I77),0,I77/K77) -> 0 | N77: =ROUND(L77*M77,2) -> 0
A78: TOTAL G. Servicios técnicos o profesionales | N78: =SUM(N68:N77) -> 0
A79: H. Viajes y estancias | B79: H.1 | L79: =IF(ISBLANK(I79),0,I79/K79) -> 0 | N79: =ROUND(L79*M79,2) -> 0
A80: H. Viajes y estancias | B80: H.2 | L80: =IF(ISBLANK(I80),0,I80/K80) -> 0 | N80: =ROUND(L80*M80,2) -> 0
A81: H. Viajes y estancias | B81: H.3 | L81: =IF(ISBLANK(I81),0,I81/K81) -> 0 | N81: =ROUND(L81*M81,2) -> 0
A82: H. Viajes y estancias | B82: H.4 | L82: =IF(ISBLANK(I82),0,I82/K82) -> 0 | N82: =ROUND(L82*M82,2) -> 0
A83: H. Viajes y estancias | B83: H.5 | L83: =IF(ISBLANK(I83),0,I83/K83) -> 0 | N83: =ROUND(L83*M83,2) -> 0
A84: H. Viajes y estancias | B84: H.6 | L84: =IF(ISBLANK(I84),0,I84/K84) -> 0 | N84: =ROUND(L84*M84,2) -> 0
A85: H. Viajes y estancias | B85: H.7 | L85: =IF(ISBLANK(I85),0,I85/K85) -> 0 | N85: =ROUND(L85*M85,2) -> 0
A86: H. Viajes y estancias | B86: H.8 | L86: =IF(ISBLANK(I86),0,I86/K86) -> 0 | N86: =ROUND(L86*M86,2) -> 0
A87: H. Viajes y estancias | B87: H.9 | L87: =IF(ISBLANK(I87),0,I87/K87) -> 0 | N87: =ROUND(L87*M87,2) -> 0
A88: H. Viajes y estancias | B88: H.10 | L88: =IF(ISBLANK(I88),0,I88/K88) -> 0 | N88: =ROUND(L88*M88,2) -> 0
A89: TOTAL H. Viajes y estancias | N89: =SUM(N79:N88) -> 0
A90: I. Funcionamiento en terreno | B90: I.1 | L90: =IF(ISBLANK(I90),0,I90/K90) -> 0 | N90: =ROUND(L90*M90,2) -> 0
A91: I. Funcionamiento en terreno | B91: I.2 | L91: =IF(ISBLANK(I91),0,I91/K91) -> 0 | N91: =ROUND(L91*M91,2) -> 0
A92: I. Funcionamiento en terreno | B92: I.3 | L92: =IF(ISBLANK(I92),0,I92/K92) -> 0 | N92: =ROUND(L92*M92,2) -> 0
A93: I. Funcionamiento en terreno | B93: I.4 | L93: =IF(ISBLANK(I93),0,I93/K93) -> 0 | N93: =ROUND(L93*M93,2) -> 0
A94: I. Funcionamiento en terreno | B94: I.5 | L94: =IF(ISBLANK(I94),0,I94/K94) -> 0 | N94: =ROUND(L94*M94,2) -> 0
A95: I. Funcionamiento en terreno | B95: I.6 | L95: =IF(ISBLANK(I95),0,I95/K95) -> 0 | N95: =ROUND(L95*M95,2) -> 0
A96: I. Funcionamiento en terreno | B96: I.7 | L96: =IF(ISBLANK(I96),0,I96/K96) -> 0 | N96: =ROUND(L96*M96,2) -> 0
A97: I. Funcionamiento en terreno | B97: I.8 | L97: =IF(ISBLANK(I97),0,I97/K97) -> 0 | N97: =ROUND(L97*M97,2) -> 0
A98: I. Funcionamiento en terreno | B98: I.9 | L98: =IF(ISBLANK(I98),0,I98/K98) -> 0 | N98: =ROUND(L98*M98,2) -> 0
A99: I. Funcionamiento en terreno | B99: I.10 | L99: =IF(ISBLANK(I99),0,I99/K99) -> 0 | N99: =ROUND(L99*M99,2) -> 0
A100: TOTAL I. Funcionamiento en terreno | N100: =SUM(N90:N99) -> 0
...
